PAA
ASHEVILLE HIGHLANDERS @ ITHACA FIGHTING IMPS
08/09/2054
 
TOP OF THE 1ST
Asheville Highlanders batting - Pitching for Ithaca Fighting Imps : RHP Zebulon Pike
Pitching: RHP Zebulon Pike
Batting: LHB Andy McGee 0-0: Ball
1-0: Ground out 5-3 (Groundball, 6, EV 104.4 MPH)
Batting: RHB Mitchell Hogg 0-0: Ball
1-0: Called Strike
1-1: Called Strike
1-2: Strikes out swinging
Batting: RHB Su-shun Hung 0-0: Called Strike
0-1: Ball
1-1: Foul Ball, location: 2F
1-2: Ground out 5-3 (Groundball, 5, EV 101.2 MPH)
Top of the 1st over - 0 runs, 0 hits, 0 errors, 0 left on base; Asheville 0 - Ithaca 0
BOTTOM OF THE 1ST
Ithaca Fighting Imps batting - Pitching for Asheville Highlanders : RHP Andy Johnson
Pitching: RHP Andy Johnson
Batting: LHB Paul Brown 0-0: Ball
1-0: Ball
2-0: Ball
3-0: Called Strike
3-1: Foul Ball, location: 2F
3-2: Fly out, F7 (Flyball, 7, EV 91.9 MPH)
Batting: RHB Jon Rice 0-0: Fly out, F2 (Popup, 3SF, EV 80.6 MPH)
Batting: RHB Matt Dunham 0-0: Foul Ball, location: 2F
0-1: Swinging Strike
0-2: Foul Ball, location: 2F
0-2: Ball
1-2: Strikes out swinging
Bottom of the 1st over - 0 runs, 0 hits, 0 errors, 0 left on base; Asheville 0 - Ithaca 0
TOP OF THE 2ND
Asheville Highlanders batting - Pitching for Ithaca Fighting Imps : RHP Zebulon Pike
Batting: RHB Wen Pai 0-0: Ball
1-0: Foul Ball, location: 2F
1-1: Called Strike
1-2: Foul Ball, location: 2F
1-2: Foul Ball, location: 2F
1-2: Ball
2-2: Fly out, F9 (Flyball, 9S, EV 86.2 MPH)
Batting: RHB Jing-yu Hor 0-0: Ball
1-0: Foul Ball, location: 2F
1-1: Ball
2-1: Foul Ball, location: 2F
2-2: Foul Ball, location: 2F
2-2: Foul Ball, location: 2F
2-2: Ground out U3 (Groundball, 34S, EV 83.1 MPH)
Batting: RHB Juan Guzmán 0-0: Called Strike
0-1: Foul Ball, location: 2F
0-2: Foul Ball, location: 2F
0-2: Ground out 4-3 (Groundball, 4, EV 88.1 MPH)
Top of the 2nd over - 0 runs, 0 hits, 0 errors, 0 left on base; Asheville 0 - Ithaca 0
BOTTOM OF THE 2ND
Ithaca Fighting Imps batting - Pitching for Asheville Highlanders : RHP Andy Johnson
Batting: RHB Eppe Nuesink 0-0: Ball
1-0: Called Strike
1-1: Swinging Strike
1-2: Ball
2-2: Strikes out swinging
Batting: LHB Dan Bray 0-0: Called Strike
0-1: Foul Ball, location: 2F
0-2: Strikes out swinging
Batting: RHB Paul Johnston 0-0: Ball
1-0: Swinging Strike
1-1: SINGLE (Line Drive, 7S, EV 102.5 MPH)
Batting: RHB Takeo Okamoto 0-0: Called Strike
0-1: Ball
1-1: Ball
2-1: Fielders Choice at 2nd, 5-4 (Groundball, 56, EV 81.9 MPH)
Bottom of the 2nd over - 0 runs, 1 hit, 0 errors, 1 left on base; Asheville 0 - Ithaca 0
TOP OF THE 3RD
Asheville Highlanders batting - Pitching for Ithaca Fighting Imps : RHP Zebulon Pike
Batting: RHB Juan Santos 0-0: Fly out, F7 (Flyball, 78S, EV 83.8 MPH)
Batting: RHB Jesús Martínez 0-0: Foul Ball, location: 2F
0-1: Ball
1-1: Ball
2-1: Ball
3-1: Called Strike
3-2: Strikes out swinging
Batting: LHB John Weber 0-0: Swinging Strike
0-1: Called Strike
0-2: Ball
1-2: Strikes out swinging
Top of the 3rd over - 0 runs, 0 hits, 0 errors, 0 left on base; Asheville 0 - Ithaca 0
BOTTOM OF THE 3RD
Ithaca Fighting Imps batting - Pitching for Asheville Highlanders : RHP Andy Johnson
Batting: RHB Dan Ramsey 0-0: Ball
1-0: Called Strike
1-1: Foul Ball, location: 2F
1-2: Foul Ball, location: 2F
1-2: Strikes out swinging
Batting: LHB Jamie Hunter 0-0: Ball
1-0: Ball
2-0: Ball
3-0: Base on Balls
Batting: LHB Paul Brown 0-0: Foul Ball, location: 2F
0-1: Ball
1-1: Ball
2-1: Grounds into double play, 4-6-3 (Groundball, 13, EV 76.2 MPH)
Bottom of the 3rd over - 0 runs, 0 hits, 0 errors, 0 left on base; Asheville 0 - Ithaca 0
TOP OF THE 4TH
Asheville Highlanders batting - Pitching for Ithaca Fighting Imps : RHP Zebulon Pike
Batting: LHB Andy McGee 0-0: Ball
1-0: Called Strike
1-1: Foul Ball, location: 2F
1-2: SINGLE (Groundball, 4MD, EV 100.6 MPH)
Batting: RHB Mitchell Hogg 0-0: Ball
1-0: Called Strike
1-1: Foul Ball, location: 2F
1-2: Strikes out swinging
Batting: RHB Su-shun Hung 0-0: Ball
1-0: Swinging Strike
1-1: Ball
2-1: Ball
3-1: Base on Balls
Andy McGee to second
Batting: RHB Wen Pai 0-0: Ball
1-0: Grounds into double play, 5-4-3 (Groundball, 56S, EV 78.8 MPH)
Top of the 4th over - 0 runs, 1 hit, 0 errors, 1 left on base; Asheville 0 - Ithaca 0
BOTTOM OF THE 4TH
Ithaca Fighting Imps batting - Pitching for Asheville Highlanders : RHP Andy Johnson
Batting: RHB Jon Rice 0-0: Fly out, F3 (Popup, 3F, EV 65.6 MPH)
Batting: RHB Matt Dunham 0-0: Ball
1-0: Called Strike
1-1: Called Strike
1-2: Ball
2-2: Ball
3-2: Base on Balls
Batting: RHB Eppe Nuesink 0-0: Ball
1-0: Ball
2-0: Foul Ball, location: 2F
2-1: Grounds into double play, 4-6-3 (Groundball, 4, EV 82.5 MPH)
Bottom of the 4th over - 0 runs, 0 hits, 0 errors, 0 left on base; Asheville 0 - Ithaca 0
TOP OF THE 5TH
Asheville Highlanders batting - Pitching for Ithaca Fighting Imps : RHP Zebulon Pike
Batting: RHB Jing-yu Hor 0-0: Ball
1-0: Ball
2-0: Ground out U3 (Groundball, 34S, EV 67.5 MPH)
Batting: RHB Juan Guzmán 0-0: Reached on error, E4 (Groundball, 4, EV 84.4 MPH)
Batting: RHB Juan Santos 0-0: SINGLE (Groundball, 23, EV 69.4 MPH) (infield hit)
Juan Guzmán to second
Batting: RHB Jesús Martínez 0-0: Foul Ball, location: 2F
0-1: Ball
1-1: Ball
2-1: Fly out, F7 (Flyball, 78S, EV 95.0 MPH)
Batting: LHB John Weber 0-0: Foul Ball, location: 2F
0-1: Foul Ball, location: 2F
0-2: Foul Ball, location: 2F
0-2: Strikes out swinging
Top of the 5th over - 0 runs, 1 hit, 1 error, 2 left on base; Asheville 0 - Ithaca 0
BOTTOM OF THE 5TH
Ithaca Fighting Imps batting - Pitching for Asheville Highlanders : RHP Andy Johnson
Batting: LHB Dan Bray 0-0: Swinging Strike
0-1: Ball
1-1: Called Strike
1-2: Strikes out swinging
Batting: RHB Paul Johnston 0-0: Called Strike
0-1: Ball
1-1: Foul Ball, location: 2F
1-2: Ball
2-2: Fly out, F9 (Flyball, 9S, EV 86.2 MPH)
Batting: RHB Takeo Okamoto 0-0: Ball
1-0: Called Strike
1-1: Foul Ball, location: 2F
1-2: Foul Ball, location: 2F
1-2: Ball
2-2: Strikes out swinging
Bottom of the 5th over - 0 runs, 0 hits, 0 errors, 0 left on base; Asheville 0 - Ithaca 0
TOP OF THE 6TH
Asheville Highlanders batting - Pitching for Ithaca Fighting Imps : RHP Zebulon Pike
Batting: LHB Andy McGee 0-0: Swinging Strike
0-1: Ball
1-1: SINGLE (Groundball, 4D, EV 98.8 MPH)
Batting: RHB Mitchell Hogg 0-0: Ball
1-0: Ball
2-0: Grounds into double play, 2-4-3 (Groundball, 2L, EV 67.5 MPH)
Batting: RHB Su-shun Hung 0-0: Ball
1-0: Ball
2-0: Foul Ball, location: 2F
2-1: SOLO HOME RUN (Flyball, 78XD, EV 103.1 MPH), Distance : 407 ft
Batting: RHB Wen Pai 0-0: Foul Ball, location: 2F
0-1: Foul Ball, location: 2F
0-2: Fly out, F6 (Line Drive, 6MD, EV 75.0 MPH)
Top of the 6th over - 1 run, 2 hits, 0 errors, 0 left on base; Asheville 1 - Ithaca 0
BOTTOM OF THE 6TH
Ithaca Fighting Imps batting - Pitching for Asheville Highlanders : RHP Andy Johnson
Batting: RHB Dan Ramsey 0-0: Called Strike
0-1: Ball
1-1: Ground out 1-3 (Groundball, 15, EV 68.8 MPH)
Batting: LHB Jamie Hunter 0-0: Called Strike
0-1: Ball
1-1: Called Strike
1-2: Ball
2-2: Foul Ball, location: 2F
2-2: Foul Ball, location: 2F
2-2: Foul Ball, location: 2F
2-2: Ground out 4-3 (Groundball, 4, EV 81.2 MPH)
Batting: LHB Paul Brown 0-0: Ball
1-0: SINGLE (Line Drive, 7S, EV 103.1 MPH)
Batting: RHB Jon Rice 0-0: Called Strike
0-1: Called Strike
Paul Brown steals 2nd base
0-2: Ball
1-2: Ball
2-2: Ball
3-2: Foul Ball, location: 2F
3-2: Ground out 6-3 (Groundball, 6, EV 84.4 MPH)
Bottom of the 6th over - 0 runs, 1 hit, 0 errors, 1 left on base; Asheville 1 - Ithaca 0
TOP OF THE 7TH
Asheville Highlanders batting - Pitching for Ithaca Fighting Imps : RHP Zebulon Pike
Batting: RHB Jing-yu Hor 0-0: Reached on error, E6 (Groundball, 6, EV 104.4 MPH)
Batting: RHB Juan Guzmán 0-0: Sac Bunt to 23 - play at first, batter OUT! 3-4
Jing-yu Hor to second
Batting: RHB Juan Santos 0-0: Intentional Walk
Batting: RHB Jesús Martínez 0-0: Swinging Strike
0-1: Swinging Strike
0-2: Foul Ball, location: 2F
0-2: Ground out 6-3 (Groundball, 6S, EV 75.6 MPH)
Jing-yu Hor to third
Juan Santos to second
Batting: LHB John Weber 0-0: Foul Ball, location: 2F
0-1: Ball
1-1: Swinging Strike
1-2: Fly out, F8 (Flyball, 8RD, EV 89.4 MPH)
Top of the 7th over - 0 runs, 0 hits, 1 error, 2 left on base; Asheville 1 - Ithaca 0
BOTTOM OF THE 7TH
Ithaca Fighting Imps batting - Pitching for Asheville Highlanders : RHP Andy Johnson
Batting: RHB Matt Dunham 0-0: Ball
1-0: Ball
2-0: Foul Ball, location: 2F
2-1: Foul Ball, location: 2F
2-2: Ground out 1-3 (Groundball, P, EV 73.1 MPH)
Pitching: RHP Rob Sawyer
Batting: RHB Eppe Nuesink 0-0: Ball
1-0: Called Strike
1-1: SINGLE (Flyball, 9S, EV 88.1 MPH)
Batting: LHB Dan Bray 0-0: Called Strike
0-1: 2-RUN HOME RUN (Flyball, 9D, EV 99.4 MPH), Distance : 399 ft
Batting: RHB Paul Johnston 0-0: Ball
1-0: Foul Ball, location: 2F
1-1: Foul Ball, location: 2F
1-2: Ball
2-2: SINGLE (Line Drive, 4M, EV 94.4 MPH)
Batting: RHB Takeo Okamoto 0-0: Ball
1-0: Ball
2-0: Swinging Strike
2-1: Swinging Strike
2-2: Strikes out looking
Batting: RHB Dan Ramsey 0-0: Called Strike
0-1: Called Strike
0-2: Foul Ball, location: 2F
0-2: Ball
1-2: SINGLE (Groundball, 4M, EV 106.9 MPH) (infield hit)
Paul Johnston to second
Batting: LHB Jamie Hunter 0-0: Ball
1-0: Ball
2-0: DOUBLE (Line Drive, 78M, EV 93.1 MPH)
Paul Johnston scores
Dan Ramsey to third
Runner from 3rd tries for Home, SAFE, throw by CF to home
Pitching: LHP Carter Bishop
Batting: LHB Paul Brown 0-0: Ball
1-0: Foul Ball, location: 2F
1-1: Foul Ball, location: 2F
1-2: Ground out 3-1 (Groundball, 34, EV 108.1 MPH)
Bottom of the 7th over - 4 runs, 5 hits, 0 errors, 1 left on base; Asheville 1 - Ithaca 4
TOP OF THE 8TH
Asheville Highlanders batting - Pitching for Ithaca Fighting Imps : RHP Zebulon Pike
Batting: LHB Andy McGee 0-0: Ball
1-0: Foul Ball, location: 2F
1-1: Reached on error, E1 (Groundball, 15S, EV 67.5 MPH)
Batting: RHB Mitchell Hogg 0-0: Swinging Strike
0-1: Called Strike
0-2: Strikes out swinging
Batting: RHB Su-shun Hung 0-0: Ball
1-0: Ball
2-0: Ground out 4-3 (Groundball, 4M, EV 87.5 MPH)
Andy McGee to third
Pitching: LHP Dewitt Page
Batting: RHB Wen Pai 0-0: Ball
1-0: Ball
2-0: Foul Ball, location: 2F
2-1: Foul Ball, location: 2F
2-2: Strikes out swinging
Top of the 8th over - 0 runs, 0 hits, 1 error, 1 left on base; Asheville 1 - Ithaca 4
BOTTOM OF THE 8TH
Ithaca Fighting Imps batting - Pitching for Asheville Highlanders : LHP Carter Bishop
Batting: RHB Jon Rice 0-0: Swinging Strike
0-1: Foul Ball, location: 2F
0-2: Ball
1-2: Ball
2-2: Fly out, F9 (Flyball, 89S, EV 83.1 MPH)
Batting: RHB Matt Dunham 0-0: Called Strike
0-1: Fly out, F8 (Flyball, 8LD, EV 106.2 MPH)
Batting: RHB Eppe Nuesink 0-0: Fly out, F3 (Line Drive, 4, EV 72.5 MPH)
Bottom of the 8th over - 0 runs, 0 hits, 0 errors, 0 left on base; Asheville 1 - Ithaca 4
TOP OF THE 9TH
Asheville Highlanders batting - Pitching for Ithaca Fighting Imps : LHP Dewitt Page
Batting: RHB Jing-yu Hor 0-0: Ball
1-0: Ground out 6-3 (Groundball, 6, EV 100.6 MPH)
Batting: RHB Juan Guzmán 0-0: Foul Ball, location: 2F
0-1: Swinging Strike
0-2: Ball
1-2: Ball
2-2: DOUBLE (Flyball, 89XD, EV 103.8 MPH)
Batting: RHB Juan Santos 0-0: Ball
1-0: Called Strike
1-1: Hit by Pitch
Pinch Hitting: LHB Graham Wooten 0-0: Foul Ball, location: 2F
0-1: Foul Ball, location: 2F
0-2: Foul Ball, location: 2F
0-2: Strikes out looking
Pinch Hitting: RHB Lorenzo Álvarez 0-0: Fielders Choice at 2nd, 6-4 (Groundball, 6, EV 91.9 MPH)
Top of the 9th over - 0 runs, 1 hit, 0 errors, 2 left on base; Asheville 1 - Ithaca 4
Monday, April 1st , 2024 - OOTP Baseball 23.10 Build 110